 Dungeon Crawl Stone Soup version 0.27-a0-46-g34d46f0a3f (webtiles) character file.

Game seed: 2611464193434814382

1707 Borgoz the Slasher (level 9, -2/63 HPs)
             Began as a Halfling Fighter on Jan 6, 2021.
             Killed from afar by a steam dragon (19 damage)
             ... with a ball of steam
             ... on level 7 of the Dungeon.
             The game lasted 00:07:33 (7059 turns).

Borgoz the Slasher (Halfling Fighter)               Turns: 7059, Time: 00:07:33

Health: -2/63      AC: 11    Str: 17    XL:     9   Next: 23%
Magic:  9/9        EV:  9    Int:  6    God:
Gold:   387        SH: 16    Dex: 17    Spells: 8/8 levels left

rFire    . . .     SeeInvis .   a - +0 long sword
rCold    . . .     Faith    .   c - +0 kite shield
rNeg     . . .     Spirit   .   s - +0 scale mail
rPois    .         Reflect  +   (no helmet)
rElec    .         Harm     .   n - +0 cloak
rCorr    .         Rampage  .   j - +0 pair of gloves
Will     +....                  i - +0 pair of boots
Stlth    +.........             k - amulet of reflection
HPRegen  0.20/turn              o - ring of willpower
MPRegen  0.11/turn              r - ring of stealth

@: no status effects
A: small, mutation resistance 1
a: no special abilities


You were on level 7 of the Dungeon.
You visited 2 branches of the dungeon, and saw 8 of its levels.

You collected 387 gold pieces.

Inventory:

Hand Weapons
 a - a +0 long sword (weapon)
 b - a +0 dagger of venom
Armour
 c - a +0 kite shield (worn)
 i - a +0 pair of boots (worn)
 j - a +0 pair of gloves (worn)
 n - a +0 cloak (worn)
 s - a +0 scale mail (worn)
Jewellery
 k - an amulet of reflection (around neck)
 o - a ring of willpower (left hand)
 r - a ring of stealth (right hand)
Wands
 l - a wand of flame (16)
 p - a wand of disintegration (7)
 A - a wand of iceblast (11)
Scrolls
 d - 2 scrolls of magic mapping
 e - 3 scrolls of remove curse
 g - a scroll of blinking
 m - 7 scrolls of teleportation
 t - a scroll of enchant armour
 v - a scroll of fog
 w - 4 scrolls of fear
 y - a scroll of enchant weapon {unknown}
Potions
 f - a potion of might
 h - a potion of heal wounds
 q - 4 potions of haste
 u - 2 potions of curing
 x - a potion of invisibility
 z - a potion of flight {unknown}


   Skills:
 * Level 6.5 Fighting
 * Level 6.8 Long Blades
 + Level 5.9 Armour
 + Level 5.9 Shields


You had 8 spell levels left.
You didn't know any spells.
Your spell library was empty.

Dungeon Overview and Level Annotations

Branches:
Dungeon (7/15)             Temple (1/1) D:5

Altars:
Cheibriados
Dithmenos
Elyvilon
Fedhas
Kikubaaqudgha
Makhleb
Nemelex Xobeh
Ru
Sif Muna
Trog
Uskayaw
Vehumet
Wu Jian
Zin
The Shining One


Innate Abilities, Weirdness & Mutations

You are small and have problems with some larger weapons.
You are somewhat resistant to further mutation.


Message History

The centaur is engulfed in a cloud of scalding steam.
The centaur hits you! The steam dragon breathes steam at you.
The ball of steam hits you!
You are engulfed in a cloud of scalding steam.
* * * LOW HITPOINT WARNING * * *
The centaur is engulfed in a cloud of scalding steam.
The centaur wields a +0 shortbow.
The centaur shoots an arrow.
You reflect the arrow off an invisible shield around you!
The arrow hits the centaur.
The centaur is engulfed in a cloud of scalding steam.
The centaur dies!
You completely miss the steam dragon.
The steam dragon is severely wounded.
You block the steam dragon's attack. The steam dragon closely misses you.
You hit the steam dragon.
The steam dragon is almost dead.
The steam dragon breathes steam at you. The ball of steam hits you!!
You die...

....#.....#......#......#
....#.....'......#......#
....#.....#......#..)...#
##.##....#######(########
#####....##...##.##...# #
...........#.......# #
............'.......+ #
...........†JD......#. #
#...#.(...#§#@.......
......J§####+####
..#.#.... ..........
..#.#...... ............
#.....#../...
.....>..######


You could see a steam dragon (catching breath) and a jelly.

Vanquished Creatures
  Sigmund (D:4)
  Menkaure (D:5)
  An ice beast (D:5)
  A black bear (D:7)
  A phantom (D:6)
  3 ogres
  A centaur (D:7)
  2 bullfrogs
  2 scorpions
  A howler monkey (D:4)
  A jelly (D:6)
  A centaur skeleton (D:4)
  Crazy Yiuf (D:2)
  2 hounds
  A quasit (D:5)
  An orc priest (D:5)
  An iguana (D:4)
  5 orc wizards
  A worker ant (D:7)
  7 adders
  2 shadow imps (D:5)
  3 oozes (D:1)
  An adder skeleton (D:4)
  An adder zombie (D:6)
  3 worms
  A dart slug (D:3)
  5 leopard geckos
  22 orcs
  6 bats
  6 giant cockroaches
  6 goblins
  10 hobgoblins
  4 jackals (D:4)
  8 kobolds
  5 quokkas
  A ball python (D:5)
  A ball python skeleton (D:4)
  A frilled lizard (D:5)
  7 rats
128 creatures vanquished.

Vanquished Creatures (others)
  A centaur (D:7)
  2 worker ants (D:5)
  An adder (D:7)
  26 plants (D:4)
30 creatures vanquished.

Grand Total: 158 creatures vanquished

Notes
Turn   | Place    | Note
-------+----------+-------------------------------------------
     0 | D:1      | Borgoz the Halfling Fighter began the quest for the Orb.
     0 | D:1      | Reached XP level 1. HP: 15/15 MP: 1/1
    74 | D:1      | Reached XP level 2. HP: 4/20 MP: 2/2
   550 | D:1      | Reached XP level 3. HP: 14/26 MP: 3/3
  1252 | D:2      | Reached XP level 4. HP: 24/31 MP: 4/4
  1715 | D:2      | Found a runed translucent door.
  1716 | D:2      | Noticed Crazy Yiuf
  2003 | D:2      | Killed Crazy Yiuf
  2004 | D:2      | Reached XP level 5. HP: 19/36 MP: 5/5
  2236 | D:3      | Found an ornate altar of the Wu Jian Council.
  2472 | D:3      | You fall into a shaft and drop 1 floor!
  2472 | D:4      | Found a shadowy altar of Dithmenos.
  2516 | D:4      | Reached XP level 6. HP: 25/43 MP: 6/6
  2684 | D:4      | Noticed Sigmund
  2698 | D:4      | Killed Sigmund
  2726 | D:4      | Noticed an ogre
  2732 | D:4      | Reached XP level 7. HP: 47/49 MP: 7/7
  3423 | D:4      | Reached skill level 5 in Long Blades
  3772 | D:5      | Entered Level 5 of the Dungeon
  3789 | D:5      | Reached skill level 5 in Fighting
  3863 | D:5      | Found a sacrificial altar of Ru.
  3956 | D:5      | Reached XP level 8. HP: 19/55 MP: 8/8
  4219 | D:5      | Reached skill level 5 in Armour
  4267 | D:5      | Reached skill level 5 in Shields
  4493 | D:5      | Noticed Menkaure
  4508 | D:5      | Killed Menkaure
  4839 | D:5      | Found a staircase to the Ecumenical Temple.
  4851 | Temple   | Entered the Ecumenical Temple
  5909 | D:6      | Found a glowing silver altar of Zin.
  5999 | D:6      | Found a hide-covered altar of Uskayaw.
  6268 | D:7      | Reached XP level 9. HP: 32/62 MP: 9/9
  6436 | D:3      | Found a bloodstained altar of Trog.
  7059 | D:7      | Killed from afar by a steam dragon

Illustrated notes

Levels and vault maps discovered:
D:1:      onia_arrival_mini_spirals, layout_rooms, hangedman_decor_points
D:2:      layout_loops_ring, uniq_crazy_yiuf_cottage
D:3:      layout_rooms, lemuel_doored_altar, overflow_temple_1_default
D:4:      layout_basic, old_standard_altar, serial_bayou, serial_bayou_shore_a,
          serial_bayou_lagoon_a, serial_bayou_lagoon_b, serial_bayou_crossing,
          serial_bayou_pond_e, uniq_sigmund
D:5:      layout_cave_pods, marbit_many_paths, temple_hall,
          hangedman_decor_clover_reticule, kennysheep_generic_room_12,
          uniq_menkaure
D:6:      layout_basic, kennysheep_little_box, basic_altar
D:7:      layout_gridville, general_overflow_altar, serial_shops, shop,
          minmay_misc_feat_room, st_stairs_2
Temple:   jpeg_temple_alley_garden

Skill      XL: |  1  2  3  4  5  6  7  8 |
---------------+-------------------------+-----
Fighting       | 3 4 5 6 |  6.5
Long Blades    | 3 4 5 6 |  6.8
Armour         | 4 5 |  5.9
Shields        | 4 5 |  5.9

Action                   |  1- 3 |  4- 6 |  7- 9 || total
-------------------------+-------+-------+-------++-------
Melee: Long sword        |   113 |   126 |   268 ||   507
  Use: Potion            |     2 |     1 |     6 ||     9
       Scroll            |     4 |     6 |     7 ||    17
 Stab: Invisible         |       |       |     1 ||     1
Armor: Scale mail        |    70 |    55 |   131 ||   256
Dodge: Dodged            |    71 |    53 |    77 ||   201
Block: Kite shield       |    90 |    78 |   221 ||   389
       Reflection        |       |       |     7 ||     7
       Rpst.: Long sword |    27 |    17 |    21 ||    65

Table legend: (Time is in decaauts)
 A = Elapsed time spent in this place.
 B = Non-inter-level travel time spent in this place.
 C = Inter-level travel time spent in this place.
 D = Time resting spent in this place.
 E = Time spent auto-exploring this place.
 F = Levels seen in this place.
 G = Mean time per level.
                   A        B        C        D        E       F      G
               +--------+--------+--------+--------+--------+-----+--------+
         Total |   7234 |   6896 |    338 |   1244 |   4542 |   8 |  904.2 |
       Dungeon |   7016 |   6730 |    286 |   1244 |   4390 |   7 | 1002.3 |
        Temple |    217 |    165 |     52 |      0 |    152 |   1 |  217.0 |
               +--------+--------+--------+--------+--------+-----+--------+

Top non-repeatable levels by time:
     D:4: 1409 daAuts
     D:5: 1293 daAuts
     D:1: 1195 daAuts
     D:6: 1089 daAuts
     D:2: 1053 daAuts
     D:3: 588 daAuts
     D:7: 386 daAuts
  Temple: 217 daAuts
